 Dungeon Crawl Stone Soup version 0.30-a0-924-g0ad0bf95bc (webtiles) character file.

Game seed: 4669477245185862718

394 qeuew the Poker (level 6, -12/48 HPs)
             Began as a Demonspawn Chaos Knight on Mar 22, 2023.
             Was a Plaything of Xom.
             Mangled by an iguana (13 damage)
             ... on level 4 of the Dungeon.
             The game lasted 00:03:16 (2290 turns).

qeuew the Poker (Demonspawn Chaos Knight)           Turns: 2290, Time: 00:03:17

Health: -12/48     AC:  6    Str: 15    XL:     6   Next: 52%
Magic:  6/6        EV: 12    Int: 13    God:    Xom [...*..]
Gold:   210        SH:  4    Dex: 12    Spells: 5/5 levels left

rFire   . . .      SeeInvis .    a - +0 spear (chaos)
rCold   . . .      Faith    .    (no shield)
rNeg    . . .      Spirit   .    b - +3 leather armour
rPois   .          Reflect  .    (no helmet)
rElec   .          Rampage  .    (no cloak)
rCorr   .                        (no gloves)
Will    .....                    (no boots)
Stlth   +                        (no amulet)
HPRegen 0.28/turn                (no ring)
MPRegen 0.10/turn                (no ring)

@: no status effects
A: claws 1, powered by death 2, condensation shield, fangs 2, wild magic 1, no
potion heal 1
a: Renounce Religion


You were on level 4 of the Dungeon.
You worshipped Xom.
You were a favourite toy of Xom.
You visited 1 branch of the dungeon, and saw 4 of its levels.

You collected 210 gold pieces.

Inventory:

Hand Weapons
 a - a +0 spear of chaos (weapon)
Armour
 b - a +3 leather armour (worn)
Wands
 f - a wand of mindburst (15)
 h - a wand of light (7)
 l - a wand of charming (6)
Scrolls
 g - a scroll of identify
 i - 2 scrolls of fear
 j - 3 scrolls of teleportation
 k - a scroll of noise {unknown}
 m - a scroll of brand weapon {unknown}
Potions
 d - a potion of curing
Miscellaneous
 c - a piece from Xom's chessboard (15/15) (quivered)


   Skills:
 + Level 3.9 Fighting
 * Level 4.3 Polearms
 * Level 3.6 Armour
 + Level 2.2 Dodging
 + Level 2.2 Evocations


You had 5 spell levels left.
You didn't know any spells.
Your spell library contained the following spells:

 Spells                   Type           Power      Damage    Failure   Level
 Magic Dart               Conj           0%         1d3       45%         1
 Slow                     Hex            0%         N/A       45%         1
 Searing Ray              Conj           0%         2d4       58%         2
 Confusing Touch          Hex            0%         N/A       82%         3
 Vampiric Draining        Necr           0%         2d6       82%         3
 Fulminant Prism          Conj/Hex       0%         3d5       99%         4


Dungeon Overview and Level Annotations

Branches:
Dungeon (4/15)
 Temple: D:4-7

Altars:
Xom


Innate Abilities, Weirdness & Mutations

You have sharp fingernails.
You regenerate health from kills.
A meltable shield of frost defends you. (SH +4)
You have extremely sharp teeth.
Your spells are a little harder to cast, but a little more powerful.
Potions are less effective at restoring your health.


Message History

You hit the iguana but do no damage.
The endoplasm hits you but does no damage.
The iguana bites you!
You hit the iguana but do no damage.
The iguana goes berserk!
The iguana bites you!
You are too injured to fight recklessly!
You are too injured to fight recklessly!
You are too injured to fight recklessly!
You are too injured to fight recklessly!
You are too injured to fight recklessly!
You are too injured to fight recklessly!
You are too injured to fight recklessly!
You are too injured to fight recklessly!
You are too injured to fight recklessly!
You are too injured to fight recklessly!
You are too injured to fight recklessly!
You are too injured to fight recklessly!
You are too injured to fight recklessly!
You are too injured to fight recklessly!
Unknown command.
You see here a ball python corpse.
You hit the endoplasm.
The endoplasm goes berserk!
The endoplasm is heavily wounded.
The endoplasm barely misses you. The endoplasm hits you.
You hit the endoplasm.
The endoplasm is almost dead.
The endoplasm hits you.
You hit the endoplasm.
You kill the endoplasm!
You hit the iguana but do no damage. You bite the iguana.
The iguana is lightly wounded.
The iguana bites you!
* * * LOW HITPOINT WARNING * * *
The iguana bites you!
* * * LOW HITPOINT WARNING * * *
You closely miss the iguana.
The iguana is lightly wounded.
The iguana bites you!
You die...
Xom cackles wildly!

#...#....#
#.....>..
###.###### #<.# #.#
###..# #.# #....#
#.#########.##.#
#.....(........#
#.#######....###
#...####......
#...#..@lg.#.o.S.
#..#######..#......
#.# #.....lo..# #..
..##......# #.. ##
... .. .. #


You could see an iguana (berserk) and a hobgoblin.

Vanquished Creatures
  A scorpion (D:4)
  A hound (D:4)
  A gnoll bouda (D:4)
  2 orc wizards (D:4)
  2 orc priests
  2 gnolls (D:4)
  5 adders
  A worm (D:3)
  2 dart slugs
  4 orcs
  2 bats
  6 endoplasms
  A giant cockroach (D:1)
  5 goblins
  3 hobgoblins
  3 jackals (D:1)
  4 quokkas
  7 ball pythons
  4 frilled lizards
  4 kobolds
  7 rats
67 creatures vanquished.

Vanquished Creatures (collateral kills)
  4 gnolls (D:4)
  A hobgoblin (D:4)
5 creatures vanquished.

Grand Total: 72 creatures vanquished

Notes
Turn   | Place    | Note
-------+----------+-------------------------------------------
     0 | D:1      | qeuew the Demonspawn Chaos Knight began the quest for the
                  | Orb.
     0 | D:1      | Reached XP level 1. HP: 18/18 MP: 1/1
    69 | D:1      | Reached skill level 1 in Dodging
   122 | D:1      | Gained mutation: A meltable shield of frost defends you.
                  | (SH +4) [demonic ancestry]
   122 | D:1      | Reached XP level 2. HP: 22/24 MP: 2/2
   177 | D:1      | Reached skill level 3 in Polearms
   366 | D:1      | XOM: noise
   596 | D:2      | XOM: divination: detect items
   601 | D:2      | Gained mutation: You regenerate a little health from kills.
                  | [demonic ancestry]
   601 | D:2      | Reached XP level 3. HP: 29/29 MP: 3/3
   627 | D:2      | XOM: blink monster(s)
   629 | D:2      | Reached skill level 1 in Evocations
   973 | D:2      | XOM: god gift: worn copper wand {god gift}
  1065 | D:2      | Gained mutation: Potions are less effective at restoring
                  | your health. [potion of mutation]
  1221 | D:3      | XOM: silly message
  1230 | D:3      | Reached XP level 4. HP: 35/35 MP: 4/4
  1286 | D:3      | XOM: smoke on damage
  1477 | D:3      | XOM: confuse monster(s)
  1622 | D:3      | XOM: give mutations
  1622 | D:3      | Gained mutation: You have very sharp teeth. [Xom's grace]
  1622 | D:3      | Gained mutation: Your spells are a little harder to cast,
                  | but a little more powerful. [Xom's grace]
  1622 | D:3      | Gained mutation: You have extremely sharp teeth. [Xom's
                  | grace]
  1780 | D:4      | XOM: 2-stop teleportation journey
  1887 | D:4      | Noticed a scorpion
  1893 | D:4      | XOM: confuse monster(s)
  1900 | D:4      | Killed a scorpion
  1901 | D:4      | Gained mutation: You regenerate health from kills. [demonic
                  | ancestry]
  1901 | D:4      | Reached XP level 5. HP: 16/41 MP: 5/5
  1975 | D:4      | XOM: scenery: create altars
  2065 | D:4      | XOM: smoke on damage
  2069 | D:4      | Reached skill level 4 in Polearms
  2077 | D:4      | HP: 1/42 [orc wizard/magic dart (5)]
  2082 | D:4      | Gained mutation: You have sharp fingernails. [demonic
                  | ancestry]
  2082 | D:4      | Reached XP level 6. HP: 13/48 MP: 6/6
  2203 | D:4      | XOM: summons 6 friendly demons
  2289 | D:4      | HP: 1/48 [iguana (7)]
  2290 | D:4      | Mangled by an iguana

Illustrated notes

Levels and vault maps discovered:
D:1:      lightli_arrival_noodles, layout_basic
D:2:      layout_rooms, chequers_serial_rivers_micro_b, minmay_door_square
D:3:      layout_basic
D:4:      kennysheep_big_flooded_room, layout_rooms

Skill      XL: |  1  2  3  4  5  6 |
---------------+-------------------+-----
Dodging        | 1 2 |  2.2
Armour         | 2 3 |  3.6
Polearms       | 3 4 |  4.3
Evocations     | 1 2 |  2.2
Fighting       | |  3.9

Action                     |  1- 3 |  4- 6 || total
---------------------------+-------+-------++-------
  Melee: Spear             |   134 |   158 ||   292
         Bite              |       |     9 ||     9
         Punch             |       |     1 ||     1
    Use: Scroll            |     8 |     1 ||     9
         Potion            |     2 |     3 ||     5
   Stab: Sleeping          |     1 |     1 ||     2
         Invisible         |       |     2 ||     2
 Armour: Leather armour    |    35 |    34 ||    69
  Dodge: Dodged            |    72 |    61 ||   133
  Block: Other             |    18 |    15 ||    33

Table legend: (Time is in decaauts)
 A = Elapsed time spent in this place.
 B = Non-inter-level travel time spent in this place.
 C = Inter-level travel time spent in this place.
 D = Time resting spent in this place.
 E = Time spent auto-exploring this place.
 F = Levels seen in this place.
 G = Mean time per level.
                   A        B        C        D        E       F      G
               +--------+--------+--------+--------+--------+-----+--------+
         Total |   2267 |   2206 |     61 |     33 |   1697 |   4 |  566.8 |
       Dungeon |   2267 |   2206 |     61 |     33 |   1697 |   4 |  566.8 |
               +--------+--------+--------+--------+--------+-----+--------+

Top non-repeatable levels by time:
     D:3: 656 daAuts
     D:2: 616 daAuts
     D:4: 503 daAuts
     D:1: 491 daAuts
